 Dungeon Crawl Stone Soup version 0.21.1-1-g345015f (webtiles) character file.

55215 rlgrobin the Carver (level 14, -1/110 HPs)
             Began as a Demonspawn Abyssal Knight on Apr 29, 2018.
             Was the Champion of Lugonu.
             Slain by a komodo dragon (23 damage)
             ... on level 6 of the Lair of Beasts.
             The game lasted 01:42:51 (22106 turns).

rlgrobin the Carver (Demonspawn Abyssal Knight)    Turns: 22106, Time: 01:42:51

Health: -1/110     AC: 24    Str: 16    XL:     14   Next: 37%
Magic:  20/20      EV: 15    Int: 16    God:    Lugonu [******]
Gold:   811        SH:  0    Dex: 12    Spells: 10/19 levels left

rFire    + . .     SeeInvis .   u - +0 great sword
rCold    + . .     Gourm    .   (shield currently unavailable)
rNeg     . . .     Faith    .   y - +5 ring mail {MR+}
rPois    .         Spirit   .   r - +0 helmet
rElec    .         Reflect  .   i - scarf {repulsion}
rCorr    .         Harm     .   b - +2 pair of gloves
MR       +++..                  f - +2 pair of boots
Stlth    +++.......             (no amulet)
HPRegen  1.28/turn              p - ring of protection from cold
MPRegen  0.17/turn              l - ring of protection from magic

@: repel missiles
A: iridescent scales 2, fire resistance 1, powered by death 3
a: Depart the Abyss, Bend Space, Banish, Corrupt, Enter the Abyss, Brand Weapon
With Distortion, Renounce Religion


You were on level 6 of the Lair of Beasts.
You worshipped Lugonu.
Lugonu was exalted by your worship.
You were not hungry.

You visited 2 branches of the dungeon, and saw 20 of its levels.
You visited the Abyss 1 time.

You collected 1478 gold pieces.
You spent 667 gold pieces at shops.


Innate Abilities, Weirdness & Mutations

You are mostly covered in iridescent scales. (AC +4)
Your flesh is heat resistant. (rF+)
You regenerate a lot of health from kills.


   Skills:
 - Level 10.0 Fighting
 - Level 12.0 Long Blades
 - Level 6.5 Throwing
 - Level 9.0 Armour
 - Level 9.0 Dodging
 - Level 7.2 Stealth
 - Level 5.2 Shields
 + Level 3.2 Spellcasting
 - Level 2.5 Conjurations
 + Level 3.9 Transmutations
 - Level 9.1 Invocations


You had 10 spell levels left.
You knew the following spells:

 Your Spells              Type           Power        Failure   Level  Hunger
b - Blink                 Tloc           N/A          43%         2    ##.....
c - Mephitic Cloud        Conj/Pois/Air  #.......     54%         3    ###....
z - Beastly Appendage     Tmut           ###...       6%          1    None
Z - Conjure Flame         Conj/Fire      #.......     50%         3    ###....

Inventory:

Hand Weapons
 t - a +0 blowgun
 u - a +0 great sword (weapon)
 w - a +3 long sword of flaming
 V - a +0 scimitar
Missiles
 j - 33 poisoned needles
 k - 8 javelins (quivered)
 F - 3 curare-tipped needles {=f}
 S - 9 tomahawks
Armour
 b - a +2 pair of gloves (worn)
 f - a +2 pair of boots (worn)
 i - a scarf of repulsion (worn)
 r - a +0 helmet (worn)
 y - a +5 ring mail of magic resistance (worn)
 D - a +3 buckler
Jewellery
 l - a ring of protection from magic (right hand)
 p - a ring of protection from cold (left hand)
Wands
 d - a wand of polymorph (23)
 E - a wand of digging (34)
 L - a wand of iceblast (15)
Scrolls
 e - 5 scrolls of magic mapping
 g - 2 scrolls of enchant weapon
 m - 4 scrolls of blinking
 n - 10 scrolls of remove curse
 s - a scroll of summoning {unknown}
 A - 2 scrolls of immolation {!r}
 C - 3 scrolls of fog
 G - a scroll of vulnerability {unknown}
 I - 7 scrolls of fear
 K - a scroll of silence {unknown}
 N - a scroll of teleportation {@r4}
 X - a scroll of brand weapon {unknown}
Potions
 a - 2 potions of agility
 h - 6 potions of curing {@q1}
 o - 2 potions of heal wounds {@q2}
 q - a potion of invisibility
 v - a potion of ambrosia
 x - 2 potions of brilliance
 z - 2 potions of mutation {!q}
 B - a potion of cancellation {unknown}
 H - a potion of haste {@q3}
 J - 2 potions of lignification {unknown}
 M - a potion of berserk rage {unknown}
 O - a potion of might
 P - 2 potions of flight {unknown}
Miscellaneous
 Q - a phial of floods
 Y - a fan of gales (inert)
Comestibles
 c - 30 rations
 R - 3 chunks of flesh

Dungeon Overview and Level Annotations

Branches:
Dungeon (14/15)            Temple (0/1) D:4            Lair (6/6) D:8
  Swamp (0/4) Lair:2        Snake (0/4) Lair:2        Slime (0/5) Lair:5
    Orc (0/2) D:9          Vaults (0/5) D:14

Altars:
Cheibriados
Kikubaaqudgha
Makhleb
Nemelex Xobeh
Okawaru
Qazlal
Ru
Sif Muna
Trog
Vehumet
Wu Jian
Xom
Yredelemnul
Zin

Shops:
D:6 !   D:7 [   D:11 [

Annotations:
Lair:4 Supreme's ghost, journeyman GrEE
Abyss:1 Fannar, Urug

≈≈≈.≈...........▒ .▒...!..P▒
..≈≈▒.....▒...........(....P▒
▒.≈≈▒.≈...▒.................▒▒
≈≈≈≈P≈...............▒.......▒
≈≈≈≈≈≈≈.......f▒▒...........▒▒
▒▒▒≈.▒≈......P▒▒▒P..▒.......▒▒
▒≈▒▒≈..▒...▒▒ ▒....▒.....▒.▒
≈≈ ≈.......▒ ▒▒l...▒......▒▒
≈≈≈.. ...▒ ▒6t..........▒ ...
▒▒▒.........▒▒
▒....▒PP..▒▒).....▒
......l.D.)▒......▒
.....D............▒
.....▒▒P..▒▒......▒ ....▒
▒.......▒..▒▒ P..▒
▒...........▒ Y..
▒...▒......P▒


You could see a komodo dragon and a crocodile.


Message History

Lugonu roars: ANNIHILATED!
The komodo dragon bites you but does no damage!
You regained 2 hp, and now have 40/110 hp!
Wield which item (- for none, * to show all)? (? for menu, Esc to quit)
Your +3 long sword of flaming stops flaming!
u - a +0 great sword (weapon)
The crocodile bites you!!! * * * don't die
* * * You take 6 damage, and have 34/110 hp!
You chop the crocodile but do no damage!
The crocodile is almost dead!
The komodo dragon barely misses you!
You riposte!
You barely miss the komodo dragon!
The komodo dragon is lightly wounded!
The crocodile bites you but does no damage!
You regained 2 hp, and now have 36/110 hp!
You closely miss the crocodile!
The crocodile is almost dead!
The komodo dragon closely misses you!
The crocodile bites you!!! * * * don't die
* * * The komodo dragon closely misses you!
You riposte!
You chop the komodo dragon into pieces!!!!!!
The komodo dragon is severely wounded!
You take 5 damage, and have 31/110 hp!
You barely miss the crocodile!
The crocodile is almost dead!
The crocodile bites you!!! * * * don't die
* * * The komodo dragon bites you!!!!!! rip

Action                   |  1- 3 |  4- 6 |  7- 9 | 10-12 | 13-15 || total
-------------------------+-------+-------+-------+-------+-------++-------
Melee: Falchion          |   114 |       |       |       |       ||   114
       Long sword        |     5 |    70 |   303 |   712 |    41 ||  1131
       Scimitar          |       |       |       |   155 |  1150 ||  1305
       Great sword       |       |       |       |       |    14 ||    14
 Fire: Blowgun           |       |     7 |    23 |    26 |     3 ||    59
Throw: Javelin           |    16 |     5 |    32 |    79 |    45 ||   177
       Tomahawk          |       |       |       |    18 |       ||    18
Invok: Depart the Abyss  |     1 |       |       |       |       ||     1
       Banish            |       |       |       |       |     2 ||     2
       Bend Space        |       |       |       |       |     1 ||     1
Evoke: Wand              |       |       |     2 |    23 |     4 ||    29
       Phial of floods   |       |       |       |     1 |     1 ||     2
       Fan of gales      |       |       |       |       |     1 ||     1
  Use: Scroll            |     2 |     2 |    14 |    13 |     6 ||    37
       Potion            |       |       |     1 |    10 |     4 ||    15
 Stab: Paralysed         |       |       |       |     1 |       ||     1
       Invisible         |       |       |       |    10 |       ||    10
       Sleeping          |       |       |       |     2 |     8 ||    10
       Distracted        |       |       |       |       |     2 ||     2
  Eat: Chunk             |     5 |     5 |    12 |    24 |    17 ||    63
       Ration            |       |       |       |     3 |     2 ||     5
Armor: Leather armour    |    34 |    18 |    41 |       |       ||    93
       Ring mail         |       |       |    62 |   387 |   523 ||   972
Dodge: Dodged            |    57 |    41 |   120 |   385 |   749 ||  1352
       Deflected         |       |       |       |     1 |     6 ||     7
Block: Buckler           |       |     4 |    95 |   296 |   447 ||   842
       Rpst.: Falchion   |    21 |       |       |       |       ||    21
       Long sword        |       |     9 |    33 |    75 |    10 ||   127
       Scimitar          |       |       |       |    14 |   212 ||   226
       Great sword       |       |       |       |       |     4 ||     4

Vault maps used:
D:1:      dpeg_arrival_oval, minivault_4
D:3:      yredelemnul_altar_generic, uniq_terence
D:4:      minitemple, minmay_temple_entry_water_ring, first_ration,
          uniq_sigmund, uniq_blork_the_orc
D:5:      kennysheep_little_box, minmay_strange_pillars, roderic_lattice_a,
          doesnt_xom_only_xom, uniq_menkaure
D:6:      grunt_temple_overflow_magic_moments, serial_shops, shop,
          minmay_misc_feat_more_columns, trog_book
D:7:      zin_statuary, bloody_makhleb, serial_shops, shop_statue,
          grunt_livestock, palyth_stone_intersect, uniq_duvessa
D:8:      lair_entry_dummy, minmay_stone_trees_medium, uniq_grum, uniq_pikel
D:9:      orc_0_dummy
D:11:     serial_shops, shop, basic_altar
D:13:     kennysheep_cross_bottleneck
D:14:     hangedman_vaults_entry_quadrant_bands, nicolae_ru_path_of_blood
Lair:1:   lemuel_fruit_tree, grunt_megastairs_3, lemuel_fruit_fields,
          serial_bayou_shore_a
Lair:2:   minmay_swamp_entry_reptiles, minmay_snake_entry_six_corridors,
          minivault_25, kennysheep_rathole
Lair:3:   infiniplex_staircase_pool, uniq_urug, uniq_fannar
Lair:4:   infiniplex_staircase_pool_2, serial_bayou_shore_b
Lair:5:   minmay_slime_entry_pillars, forest_entry_grove
Lair:6:   gammafunk_lair_ancient_temple, serial_bayou_crossing, uniq_josephine

Notes
Turn   | Place    | Note
-------+----------+-------------------------------------------
     0 | Abyss:1  | rlgrobin the Demonspawn Abyssal Knight began the quest for the Orb.
     0 | Abyss:1  | Reached XP level 1. HP: 18/18 MP: 2/2
    33 | Abyss:1  | Noticed a chaos spawn
    64 | D:1      | Escaped the Abyss
   314 | D:1      | Reached skill level 2 in Long Blades
   483 | D:1      | Gained mutation: You regenerate a little health from kills. [demonic ancestry]
   483 | D:1      | Reached XP level 2. HP: 24/24 MP: 3/3
   975 | D:2      | Reached skill level 3 in Long Blades
  1145 | D:2      | Gained mutation: Your flesh is heat resistant. (rF+) [demonic ancestry]
  1145 | D:2      | Reached XP level 3. HP: 29/29 MP: 4/4
  1196 | D:2      | Reached * piety under Lugonu
  1960 | D:3      | HP: 1/29 [something/magic dart (4)]
  2389 | D:3      | Gained mutation: You regenerate health from kills. [demonic ancestry]
  2389 | D:3      | Reached XP level 4. HP: 35/35 MP: 5/5
  2405 | D:3      | Reached skill level 4 in Long Blades
  2564 | D:3      | Found a basalt altar of Yredelemnul.
  2570 | D:3      | Noticed Terence
  2579 | D:3      | Killed Terence
  2996 | D:4      | Noticed Sigmund
  3012 | D:4      | Reached XP level 5. HP: 41/41 MP: 6/6
  3106 | D:4      | Reached skill level 5 in Long Blades
  3234 | D:4      | Noticed Blork the orc
  3246 | D:4      | Killed Blork the orc
  3246 | D:4      | Reached ** piety under Lugonu
  3246 | D:4      | Reached skill level 2 in Shields
  3533 | D:4      | Killed Sigmund
  3533 | D:4      | Reached skill level 3 in Shields
  3533 | D:4      | Gained mutation: You are partially covered in iridescent scales. (AC +2) [demonic ancestry]
  3533 | D:4      | Reached XP level 6. HP: 47/47 MP: 7/7
  3559 | D:4      | Reached skill level 4 in Shields
  3564 | D:4      | Found a staircase to the Ecumenical Temple.
  3840 | D:4      | Found a snail-covered altar of Cheibriados.
  3841 | D:4      | Found a bloodstained altar of Trog.
  3842 | D:4      | Found a sparkling altar of Nemelex Xobeh.
  3907 | D:5      | Entered Level 5 of the Dungeon
  3941 | D:5      | Found an ornate altar of the Wu Jian Council.
  4000 | D:5      | Reached skill level 3 in Invocations
  4012 | D:5      | Reached skill level 4 in Invocations
  4012 | D:5      | Gained mutation: You are mostly covered in iridescent scales. (AC +4) [demonic ancestry]
  4012 | D:5      | Reached XP level 7. HP: 52/52 MP: 8/10
  4064 | D:5      | Reached skill level 5 in Invocations
  4106 | D:5      | Found an ancient bone altar of Kikubaaqudgha.
  4112 | D:5      | Found a shadowy altar of Dithmenos.
  4112 | D:5      | Found an iron altar of Okawaru.
  4117 | D:5      | Found a shimmering altar of Xom.
  4117 | D:5      | Found a shimmering altar of Xom.
  4117 | D:5      | Found a stormy altar of Qazlal.
  4203 | D:5      | Reached skill level 6 in Invocations
  4218 | D:5      | Reached skill level 2 in Armour
  4269 | D:5      | Reached skill level 3 in Armour
  4451 | D:5      | Noticed Menkaure
  4693 | D:5      | Killed Menkaure
  4693 | D:5      | Reached skill level 4 in Armour
  4693 | D:5      | Reached XP level 8. HP: 58/58 MP: 12/12
  5151 | D:6      | Reached skill level 5 in Armour
  5494 | D:6      | Found an ancient bone altar of Kikubaaqudgha.
  5640 | D:6      | Reached skill level 6 in Armour
  5809 | D:6      | Found a deep blue altar of Sif Muna.
  5811 | D:6      | Found a radiant altar of Vehumet.
  5815 | D:6      | Identified Sif Muna's Catalogue of Shape Shifting
  5870 | D:6      | Found a bloodstained altar of Trog.
  5955 | D:6      | Found Tunkigal's Distillery.
  5958 | D:6      | Bought a potion of haste for 110 gold pieces
  5965 | D:6      | Bought a potion of might for 44 gold pieces
  5965 | D:6      | Bought a potion of curing for 33 gold pieces
  5965 | D:6      | Bought a potion of curing for 33 gold pieces
  5965 | D:6      | Bought a potion of curing for 33 gold pieces
  5965 | D:6      | Bought a potion of curing for 33 gold pieces
  5977 | D:6      | Reached skill level 7 in Armour
  6201 | D:7      | Found Ruyhuz's Armour Shop.
  6281 | D:7      | Reached XP level 9. HP: 52/63 MP: 13/13
  6283 | D:7      | Reached skill level 8 in Armour
  6402 | D:7      | Found a burning altar of Makhleb.
  6408 | D:7      | Reached *** piety under Lugonu
  6427 | D:7      | Reached skill level 9 in Armour
  6543 | D:7      | Found a glowing silver altar of Zin.
  6718 | D:7      | Reached skill level 4 in Fighting
  6760 | D:7      | Noticed Duvessa
  6760 | D:7      | Noticed Dowan
  6772 | D:7      | Killed Duvessa
  6772 | D:7      | Reached skill level 5 in Fighting
  6774 | D:7      | Killed Dowan
  7001 | D:7      | Bought a +0 pair of gloves for 58 gold pieces
  7267 | D:7      | Reached skill level 6 in Fighting
  7609 | D:8      | Reached skill level 1 in Dodging
  7637 | D:8      | Reached skill level 2 in Dodging
  7675 | D:8      | Noticed Grum
  7687 | D:8      | Reached skill level 3 in Dodging
  7710 | D:8      | Killed Grum
  7710 | D:8      | Reached XP level 10. HP: 41/77 MP: 14/14
  7718 | D:8      | Reached **** piety under Lugonu
  7972 | D:8      | Found a staircase to the Lair.
  7987 | D:8      | Noticed inc's ghost (novice OpWz)
  8065 | D:8      | Killed inc's ghost
  8065 | D:8      | Reached skill level 5 in Dodging
  8304 | D:8      | Noticed Pikel
  8352 | D:8      | Noticed Pikel
  8352 | D:8      | Pikel changed into Pikel the queen bee
  8376 | D:8      | Killed Pikel the queen bee
  8425 | D:8      | You fall through a shaft for 3 floors!
  8599 | D:11     | Noticed a manticore
  8619 | D:10     | Entered Level 10 of the Dungeon
  8760 | D:10     | Noticed a two-headed ogre
  8780 | D:10     | Killed a two-headed ogre
  8780 | D:10     | Reached skill level 6 in Long Blades
  8935 | D:10     | Noticed a gargoyle
  8995 | D:9      | Reached skill level 7 in Long Blades
  9187 | D:9      | Noticed a two-headed ogre
  9198 | D:9      | Killed a two-headed ogre
  9198 | D:9      | Reached skill level 8 in Long Blades
  9218 | D:9      | Found a staircase to the Orcish Mines.
  9269 | D:9      | Reached skill level 1 in Throwing
  9502 | D:9      | Reached skill level 2 in Throwing
  9569 | D:9      | You fall through a shaft for 2 floors!
  9779 | D:10     | Killed a gargoyle
  9779 | D:10     | Gained mutation: You regenerate a lot of health from kills. [demonic ancestry]
  9779 | D:10     | Reached XP level 11. HP: 56/83 MP: 15/15
  9798 | D:10     | Reached skill level 3 in Throwing
 10399 | D:10     | Reached skill level 4 in Throwing
 10787 | D:11     | Found a basalt altar of Yredelemnul.
 10932 | D:11     | Noticed a two-headed ogre
 10959 | D:11     | Killed a two-headed ogre
 10959 | D:11     | Reached skill level 5 in Throwing
 11028 | D:11     | Found Dobuw's Antique Armour Shoppe.
 11030 | D:11     | Noticed a white ugly thing
 11045 | D:11     | Killed a white ugly thing
 11051 | D:11     | Bought a pair of jewelled boots for 323 gold pieces
 11061 | D:11     | Identified the +1 pair of boots of the Skies Above {rF++ rC- rN+++ Stlth-} (You bought it in a shop on level 11 of the Dungeon)
 11377 | D:12     | Noticed a two-headed ogre
 11392 | D:12     | Killed a two-headed ogre
 11392 | D:12     | Reached skill level 6 in Throwing
 11404 | D:12     | Noticed a two-headed ogre
 11409 | D:12     | Killed a two-headed ogre
 11409 | D:12     | Reached skill level 1 in Stealth
 11456 | D:12     | Reached skill level 6 in Dodging
 11786 | D:12     | Reached skill level 2 in Stealth
 11877 | D:12     | Reached ***** piety under Lugonu
 12553 | D:12     | Noticed a two-headed ogre
 12563 | D:12     | Killed a two-headed ogre
 12563 | D:12     | Reached skill level 3 in Stealth
 12563 | D:12     | Reached skill level 5 in Shields
 12990 | D:13     | Noticed a two-headed ogre
 13013 | D:13     | Killed a two-headed ogre
 13013 | D:13     | Reached skill level 4 in Stealth
 13302 | D:13     | Noticed a centaur warrior
 13313 | D:13     | Killed a centaur warrior
 13313 | D:13     | Reached skill level 5 in Stealth
 13508 | D:13     | Noticed an eight-headed hydra
 13528 | D:13     | Killed a one-headed hydra
 13528 | D:13     | Reached skill level 6 in Stealth
 13528 | D:13     | Reached XP level 12. HP: 32/89 MP: 16/16
 14193 | D:14     | Reached skill level 7 in Fighting
 14194 | D:14     | Noticed a centaur warrior
 14450 | D:14     | Killed a centaur warrior
 14731 | D:14     | Reached skill level 9 in Long Blades
 15033 | D:14     | Noticed a two-headed ogre
 15049 | D:14     | Killed a two-headed ogre
 15049 | D:14     | Reached skill level 10 in Long Blades
 15161 | D:14     | Learned a level 2 spell: Blink
 15163 | D:14     | Learned a level 1 spell: Beastly Appendage
 15167 | D:14     | Learned a level 3 spell: Mephitic Cloud
 15171 | D:14     | Learned a level 3 spell: Conjure Flame
 15210 | D:14     | Noticed a two-headed ogre
 15263 | D:14     | Killed a two-headed ogre
 15263 | D:14     | Reached skill level 11 in Long Blades
 15344 | D:14     | Got a crystal trident
 15345 | D:14     | Identified the +9 trident of Accidental Termination {flame, rN+} (You found it on level 14 of the Dungeon)
 15586 | D:14     | Noticed a catoblepas
 15599 | D:14     | Killed a catoblepas
 15703 | D:14     | Reached XP level 13. HP: 66/98 MP: 17/17
 15736 | D:14     | Reached skill level 8 in Fighting
 15990 | D:14     | Found a sacrificial altar of Ru.
 16093 | D:14     | Found a gate to the Vaults.
 16244 | Lair:1   | Entered Level 1 of the Lair of Beasts
 16877 | Lair:1   | Reached skill level 9 in Fighting
 17305 | Lair:2   | Found a staircase to the Swamp.
 17731 | Lair:2   | Found a staircase to the Snake Pit.
 17751 | Lair:2   | Reached skill level 10 in Fighting
 17852 | Lair:2   | Reached ****** piety under Lugonu
 17852 | Lair:2   | Reached skill level 7 in Invocations
 18190 | Lair:2   | Reached skill level 8 in Invocations
 19004 | Lair:3   | Noticed Urug
 19041 | Lair:3   | Reached skill level 9 in Invocations
 19064 | Lair:3   | Banished Urug
 19236 | Lair:3   | Noticed Fannar
 19237 | Lair:3   | Banished Fannar
 19271 | Lair:3   | Reached skill level 7 in Dodging
 19930 | Lair:4   | Noticed Supreme's ghost (journeyman GrEE)
 20037 | Lair:4   | Reached skill level 8 in Dodging
 20202 | Lair:4   | Reached skill level 9 in Dodging
 20360 | Lair:4   | Reached skill level 7 in Stealth
 20677 | Lair:5   | Reached XP level 14. HP: 82/110 MP: 20/20
 20755 | Lair:5   | Reached skill level 12 in Long Blades
 20777 | Lair:5   | Reached skill level 1 in Conjurations
 20804 | Lair:5   | Reached skill level 2 in Conjurations
 21047 | Lair:5   | Reached skill level 1 in Transmutations
 21048 | Lair:5   | Found a staircase to the Slime Pits.
 21349 | Lair:5   | Reached skill level 2 in Transmutations
 21481 | Lair:6   | Entered Level 6 of the Lair of Beasts
 21569 | Lair:6   | Reached skill level 1 in Spellcasting
 21738 | Lair:6   | Reached skill level 2 in Spellcasting
 21738 | Lair:6   | Reached skill level 3 in Transmutations
 22030 | Lair:6   | Reached skill level 3 in Spellcasting
 22106 | Lair:6   | Slain by a komodo dragon

Vanquished Creatures
  6 hydras
  A catoblepas (D:14)
  2 centaur warriors
  9 two-headed ogres
  A deep elf knight (D:14)
  A skeletal warrior (D:14)
  The ghost of inc the Slicer, a novice OpWz of Gozag (D:8)
  A lindwurm (Lair:4)
  2 harpies (Lair:6)
  A manticore (D:11)
  6 ugly things
  3 deep elf magi (D:14)
  3 centaur zombies
  A torpor snail (Lair:6)
  3 black mambas
  10 elephants
  A gargoyle (D:10)
  11 spiny frogs
  5 rime drakes
  6 centaur skeletons (D:14)
  3 yaktaurs (D:14)
  2 komodo dragons
  A queen bee (D:8)
  3 polar bears
  2 trolls
  4 hornets
  4 blink frogs (Lair:2)
  4 dream sheep (Lair:5)
  2 meliai zombies (D:14)
  6 hippogriffs
  2 spriggans (Lair:5)
  3 wraiths
  20 yaks
  Sigmund (D:4)
  A vampire (D:14)
  4 wyverns
  A human (D:7)
  2 hungry ghosts
  Grum (D:8)
  4 hogs (D:7)
  Menkaure (D:5)
  22 water moccasins
  Duvessa (D:7)
  12 porcupines
  5 sky beasts
  6 orc warriors
  2 black bears
  3 slaves (D:8)
  3 ice beasts
  A necrophage (D:5)
  A phantom (D:8)
  An eye of draining (D:11)
  7 ogres
  15 wolves
  5 centaurs
  14 crocodiles
  Blork the orc (D:4)
  13 bullfrogs
  Dowan (D:7)
  3 scorpions
  An electric eel (D:13)
  9 wights (D:9)
  2 howler monkeys
  5 crimson imps
  2 bullfrog zombies
  6 hounds
  4 bullfrog skeletons
  2 orc priests
  4 iguanas
  6 jellies
  Terence (D:3)
  8 orc wizards
  2 hell rats (Lair:2)
  10 worker ants
  A hound zombie (D:5)
  A worker ant zombie (D:5)
  A howler monkey skeleton (D:5)
  12 river rats (Lair:2)
  16 adders
  2 shadow imps
  An ooze (D:5)
  An adder skeleton (D:7)
  A dart slug (D:1)
  4 leopard geckos
  33 orcs
  5 bats
  5 giant cockroaches
  5 goblins
  3 hobgoblins
  12 jackals
  7 kobolds
  9 quokkas
  7 frilled lizards
  2 leopard gecko skeletons
  3 rats
454 creatures vanquished.

Vanquished Creatures (collateral kills)
  A deep elf mage (D:14)
1 creature vanquished.

Vanquished Creatures (others)
  A centaur (D:14)
  16 fungi
  6 plants (Lair:6)
23 creatures vanquished.

Grand Total: 478 creatures vanquished
